 Dungeon Crawl Stone Soup version 0.31-a0-187-gba352fbbf7 (webtiles) character file.

Game seed: 3910788376279346712

2 qw the Shooter (level 1, -1/12 HPs)
             Began as a Deep Elf Hunter on June 22, 2023.
             Slain by a frilled lizard (2 damage)
             ... on level 1 of the Dungeon.
             The game lasted 00:00:01 (22 turns).

qw the Shooter (Deep Elf Hunter)                      Turns: 22, Time: 00:00:02

Health: -1/12      AC:  3    Str:  8    XL:     1   Next: 33%
Magic:  3/3        EV: 12    Int: 13    God:
Gold:   0          SH:  0    Dex: 18    Spells: 0/0 levels left

rFire   . . .        a - +0 shortbow
rCold   . . .        (shield currently unavailable)
rNeg    . . .        c - +0 leather armour
rPois   .            (no helmet)
rElec   .            (no cloak)
rCorr   .            (no gloves)
SInv    .            (no boots)
Will    .....        (no amulet)
Stlth   ++           (no ring)
HPRegen 0.22/turn    (no ring)
MPRegen 0.08/turn

%: no passive effects
@: no status effects
A: no striking features
a: no special abilities


You were on level 1 of the Dungeon.
You visited 1 branch of the dungeon, and saw 1 of its levels.


   Skills:
 - Level 1.5 Fighting
 + Level 5.5 Ranged Weapons
 - Level 2.4 Dodging
 - Level 1.2 Stealth


You couldn't memorise any spells.
You didn't know any spells.
Your spell library was empty.

Inventory:

Hand Weapons
 a - a +0 shortbow (weapon)
Armour
 c - a +0 leather armour (worn)
Scrolls
 b - a scroll of butterflies

Dungeon Overview and Level Annotations

Branches:
Dungeon (1/15)

Altars:


Message History

The frilled lizard is heavily wounded.
A hobgoblin comes into view.
You shoot an arrow.
The arrow closely misses the frilled lizard.
You shoot an arrow.
The arrow hits the frilled lizard but does no damage.
The frilled lizard closely misses you.
You shoot an arrow.
The arrow closely misses the frilled lizard.
The arrow hits the kobold but does no damage.
The frilled lizard bites you.
You shoot an arrow. The arrow barely misses the kobold.
The frilled lizard barely misses you. The kobold hits you with a +0 club.
You shoot an arrow. The arrow closely misses the kobold.
The kobold misses you. The frilled lizard barely misses you.
The hobgoblin hits you but does no damage.
You shoot an arrow. The arrow barely misses the kobold.
The kobold barely misses you.
The hobgoblin hits you but does no damage.
The frilled lizard bites you. The hobgoblin barely misses you.
The kobold closely misses you.
The frilled lizard bites you but does no damage.
You shoot an arrow. The arrow misses the kobold.
The kobold closely misses you.
The frilled lizard bites you but does no damage.
The hobgoblin hits you.
You shoot an arrow. The arrow misses the kobold.
The kobold barely misses you. The frilled lizard closely misses you.
The hobgoblin closely misses you.
You shoot an arrow. The arrow barely misses the kobold.
The kobold hits you with a +0 club. The frilled lizard misses you.
The hobgoblin barely misses you.
You shoot an arrow. The arrow hits the kobold!
You kill the kobold!
The hobgoblin hits you. The frilled lizard barely misses you.
The frilled lizard misses you. The hobgoblin closely misses you.
You shoot an arrow. The arrow hits the hobgoblin.
The hobgoblin is moderately wounded.
The frilled lizard bites you.
You die...

#.# # $. #. $!
.## .## #
..#%.# .#
....#..##
#l)......
###@g......
##...##.....
#...##########
#..8.~~~~~~~~##
#.#.~~~.....~~#
#.#.~~..~~~..~#
# #.~..~~~~~..#
+.~.~~...~~.#
+.~..~<~..~.+


You could see a hobgoblin and a frilled lizard.

Vanquished Creatures
  A giant cockroach (D:1)
  A kobold (D:1)
2 creatures vanquished.

Notes
Turn   | Place    | Note
-------+----------+-------------------------------------------
     0 | D:1      | qw the Deep Elf Hunter began the quest for the Orb.
     0 | D:1      | Reached XP level 1. HP: 12/12 MP: 3/3
     0 | D:1      | 0 ||| qw: Version: 0.3-a-9-g12657ce
     0 | D:1      | 0 ||| qw: Game counter: 2430
     0 | D:1      | 0 ||| qw: Always use a shield: true
     0 | D:1      | 0 ||| qw: God list: Okawaru
     0 | D:1      | 0 ||| qw: Allow faded altars: false
     0 | D:1      | 0 ||| qw: Do Orc after D:15 true
     0 | D:1      | 0 ||| qw: Do second Lair branch before Depths: true
     0 | D:1      | 0 ||| qw: Lair rune preference: random
     0 | D:1      | 0 ||| qw: Plans: Normal
     0 | D:1      | 0 ||| PLANNING D:1-11
    20 | D:1      | HP: 3/12 [kobold/+0 club (2)]
    21 | D:1      | HP: 1/12 [hobgoblin (2)]
    22 | D:1      | Slain by a frilled lizard

Levels and vault maps discovered:
D:1:      psy_arrival_whirlpool, layout_basic, serial_co_window_serial,
          co_window_paths_a, co_window_paths_a, co_window_paths_b,
          co_window_of_opportunity_a, co_window_corner_a, co_window_paths_a,
          co_window_of_opportunity_b, co_window_2corner, co_window_broadway_b,
          co_window_of_opportunity_c, co_window_paths_c, glass_columns_a,
          glass_columns_a, glass_columns_a, glass_columns_b, minmay_pentomino_t4

Action                     || total
---------------------------++-------
   Fire: Shortbow          ||    15
 Armour: Leather armour    ||     4
  Dodge: Dodged            ||    16

Table legend:
 A = Non-vault XP
 B = Vault XP
 C = Vault XP percentage of total XP
 D = Non-vault monster count
 E = Vault monster count
 F = Vault count percentage of total count
                 A         B        C        D         E       F
            +---------+---------+-------+---------+---------+-------
      Total |       0 |       4 | 100.0 |       0 |       2 | 100.0
            +---------+---------+-------+---------+---------+-------
        D:1 |       0 |       4 | 100.0 |       0 |       2 | 100.0
            +---------+---------+-------+---------+---------+-------
